 Dungeon Crawl Stone Soup version 0.31-a0-174-g85c54bcb58 (webtiles) character file.

Game seed: 17847184920989233442

245 qw the Shooter (level 6, 0/38 HPs)
             Began as a Gargoyle Hunter on June 15, 2023.
             Slain by an ogre
             ... wielding a +0 giant spiked club
              (29 damage)
             ... on level 4 of the Dungeon.
             The game lasted 00:01:13 (3009 turns).

qw the Shooter (Gargoyle Hunter)                    Turns: 3009, Time: 00:01:13

Health: 0/38       AC:  7    Str: 15    XL:     6   Next: 10%
Magic:  6/6        EV: 11    Int:  9    God:
Gold:   106        SH:  0    Dex: 15    Spells: 5/5 levels left

rFire   . . .        Y - +2 shortbow
rCold   . . .        (shield currently unavailable)
rNeg    + . .        c - +0 leather armour
rPois   inf          (no helmet)
rElec   +            (no cloak)
rCorr   .            (no gloves)
SInv    .            (no boots)
Will    .....        (no amulet)
Stlth   ++           (no ring)
HPRegen 0.26/turn    (no ring)
MPRegen 0.10/turn

%: no passive effects
@: no status effects
A: sickness immunity, AC +4, negative energy resistance 1, electricity
resistance, torment resistance 1, petrification resistance, fangs 1
a: no special abilities


You were on level 4 of the Dungeon.
You visited 1 branch of the dungeon, and saw 4 of its levels.

You collected 106 gold pieces.


Innate Abilities, Weirdness & Mutations

You are immune to sickness and miasma.
Your stone body is resilient. (AC +4)
You are immune to poison.
You resist negative energy. (rN+)
You are resistant to electric shocks. (rElec)
You are resistant to unholy torment.
You are immune to petrification.
You have very sharp teeth.


   Skills:
 - Level 4.0 Fighting
 + Level 6.4 Ranged Weapons
 - Level 1.5 Dodging
 - Level 1.1 Stealth


You had 5 spell levels left.
You didn't know any spells.
Your spell library was empty.

Inventory:

Hand Weapons
 Y - a +2 shortbow (weapon)
Armour
 c - a +0 leather armour (worn)
 g - a +0 ring mail
Scrolls
 b - a scroll of identify
 e - a scroll of enchant armour {unknown}
Potions
 a - a potion of mutation
 d - 2 potions of berserk rage {unknown}
 f - a potion of degeneration {unknown}

Dungeon Overview and Level Annotations

Branches:
Dungeon (4/15)
 Temple: D:4-7

Altars:


Message History

Things that are here:
a +0 hand axe; an orc corpse
Things that are here:
a +0 flail; a +0 leather armour; an orc corpse An orc comes into view.
It is wielding a +0 hand axe.
Enter note:
Enter note: You shoot an arrow.
The arrow barely misses the orc.
An orc is nearby!
Enter note:
Enter note: You shoot an arrow.
The arrow hits the orc.
The orc is lightly wounded.
You shoot an arrow. The arrow hits the orc.
The orc is severely wounded.
You shoot an arrow. The arrow barely misses the orc.
You shoot an arrow. The arrow hits the orc.
The orc is almost dead.
The orc completely misses you.
You shoot an arrow. The arrow hits the orc!
You kill the orc!
An ogre comes into view. It is wielding a +0 giant spiked club.
Enter note:
Enter note: You shoot an arrow.
The arrow hits the ogre!
The ogre is moderately wounded.
You shoot an arrow.
The arrow hits the ogre but does no damage.
The ogre is moderately wounded.
You shoot an arrow. The arrow hits the ogre!
The ogre is severely wounded.
The ogre hits you with a +0 giant spiked club!
You shoot an arrow. The arrow hits the ogre.
The ogre is severely wounded.
The ogre closely misses you.
You shoot an arrow. The arrow hits the ogre.
The ogre is almost dead.
The ogre hits you with a +0 giant spiked club!!
Ouch! That really hurt!
You die...

##...###...##.#
#.###.#.....#
#. #...#...#..
# #.).##### .#
. #...#...#..#
#.###.#.....#
##...###...##
#.....#.###.#
..#...#O@.# .#
. #####...# #
#...# .#.##
.###. ## . . ##


You could see an ogre.

Vanquished Creatures
  2 orc wizards (D:2)
  5 gnolls
  5 adders
  An ufetubus (D:3)
  4 worms
  A dart slug (D:1)
  8 orcs
  4 ball pythons
  4 endoplasms
  7 giant cockroaches
  4 goblins
  5 hobgoblins
  6 jackals
  5 kobolds
  3 quokkas
  6 bats
  A frilled lizard (D:1)
  9 rats
80 creatures vanquished.

Notes
Turn   | Place    | Note
-------+----------+-------------------------------------------
     0 | D:1      | qw the Gargoyle Hunter began the quest for the Orb.
     0 | D:1      | Reached XP level 1. HP: 12/12 MP: 1/1
     0 | D:1      | 0 ||| qw: Version: 0.2-a-29-g511e9b1
     0 | D:1      | 0 ||| qw: Game counter: 5274
     0 | D:1      | 0 ||| qw: Always use a shield: true
     0 | D:1      | 0 ||| qw: God list: Okawaru
     0 | D:1      | 0 ||| qw: Allow faded altars: false
     0 | D:1      | 0 ||| qw: Do Orc after D:15 true
     0 | D:1      | 0 ||| qw: Do second Lair branch before Depths: true
     0 | D:1      | 0 ||| qw: Lair rune preference: random
     0 | D:1      | 0 ||| qw: Plans: Normal, Zot:1-4, Slime:5, God:TSO, Crypt,
                  | Tomb, Abyss, Pan, Hells, Win
     0 | D:1      | 0 ||| PLANNING D:1-11
    28 | D:1      | Reached XP level 2. HP: 17/17 MP: 2/2
   263 | D:1      | Found a faded altar of an unknown god.
   427 | D:1      | Reached skill level 5 in Ranged Weapons
   427 | D:1      | Reached XP level 3. HP: 21/21 MP: 3/3
   783 | D:1      | 783 ||| READING scroll labelled OCYTHU UNGEOV.
   784 | D:1      | 784 ||| READING scroll labelled AGRITY BOIFEMI.
   785 | D:1      | 785 ||| DROPPING scroll of butterflies.
   842 | D:2      | 842 ||| FLEEEEING.
   843 | D:2      | 843 ||| FLEEEEING.
   845 | D:2      | 845 ||| FLEEEEING.
   853 | D:2      | Reached skill level 3 in Fighting
   853 | D:2      | Reached XP level 4. HP: 11/28 MP: 4/4
   863 | D:2      | 863 ||| FLEEEEING.
   864 | D:2      | 864 ||| FLEEEEING.
   865 | D:2      | 865 ||| FLEEEEING.
   868 | D:2      | 868 ||| STAIRDANCE
  1044 | D:2      | 1044 ||| FLEEEEING.
  1045 | D:2      | 1045 ||| FLEEEEING.
  1046 | D:2      | 1046 ||| FLEEEEING.
  1047 | D:2      | 1047 ||| FLEEEEING.
  1048 | D:2      | 1048 ||| FLEEEEING.
  1049 | D:2      | 1049 ||| FLEEEEING.
  1050 | D:2      | 1050 ||| FLEEEEING.
  1051 | D:2      | 1051 ||| FLEEEEING.
  1052 | D:2      | 1052 ||| FLEEEEING.
  1053 | D:2      | 1053 ||| FLEEEEING.
  1054 | D:2      | 1054 ||| FLEEEEING.
  1058 | D:2      | 1058 ||| FLEEEEING.
  1059 | D:2      | 1059 ||| FLEEEEING.
  1060 | D:2      | 1060 ||| FLEEEEING.
  1061 | D:2      | 1061 ||| FLEEEEING.
  1063 | D:2      | 1063 ||| FLEEEEING.
  1071 | D:2      | 1071 ||| STAIRDANCE
  1108 | D:2      | Reached XP level 5. HP: 32/32 MP: 5/5
  1336 | D:2      | Reached skill level 6 in Ranged Weapons
  1840 | D:2      | 1840 ||| READING scroll labelled NERRUKL ATUU.
  2038 | D:3      | 2038 ||| READING scroll of enchant weapon.
  2038 | D:3      | 2038 ||| ENCHANTING +1 shortbow.
  2767 | D:3      | 2767 ||| READING scroll labelled UNKAETWAIQ.
  2768 | D:3      | 2768 ||| DRINKING 2 fuming coppery potions.
  2768 | D:3      | Gained mutation: You have very sharp teeth. [potion of
                  | mutation]
  2951 | D:4      | Reached XP level 6. HP: 38/38 MP: 6/6
  3009 | D:4      | Slain by an ogre

Levels and vault maps discovered:
D:1:      mrwooster_arrival_statue_3, layout_basic,
          dreamdust_ecumenical_altar_statues
D:2:      kb_forest_paths, layout_basic
D:3:      cheibrodos_old_hovel, layout_loops_corners
D:4:      nicolae_cairo_tiling, layout_basic, minmay_stone_trees_medium

Skill      XL: |  1  2  3  4  5 |
---------------+----------------+-----
Ranged Weapons | 5 6 |  6.4
Fighting       | 3 4 |  4.0
Dodging        | |  1.5
Stealth        | |  1.1

Action                     |  1- 3 |  4- 6 || total
---------------------------+-------+-------++-------
   Fire: Shortbow          |    98 |   191 ||   289
    Use: Scroll            |     2 |     3 ||     5
         Potion            |       |     1 ||     1
 Armour: Leather armour    |     7 |    26 ||    33
  Dodge: Dodged            |    25 |    45 ||    70

Table legend:
 A = Non-vault XP
 B = Vault XP
 C = Vault XP percentage of total XP
 D = Non-vault monster count
 E = Vault monster count
 F = Vault count percentage of total count
                 A         B        C        D         E       F
            +---------+---------+-------+---------+---------+-------
      Total |     328 |      22 |   6.3 |      73 |       7 |   8.8
            +---------+---------+-------+---------+---------+-------
        D:1 |      53 |       0 |   0.0 |      23 |       0 |   0.0
        D:2 |     150 |      20 |  11.8 |      20 |       6 |  23.1
        D:3 |      91 |       2 |   2.2 |      22 |       1 |   4.3
        D:4 |      34 |       0 |   0.0 |       8 |       0 |   0.0
            +---------+---------+-------+---------+---------+-------
